 Dungeon Crawl Stone Soup version 0.29.0-4-gdea44cf6ec (webtiles) character file.

Game seed: 10011614438322721136

11 qw the Sneak (level 2, -5/19 HPs)
             Began as a Gargoyle Delver on Sept 10, 2022.
             Slain by a worm (8 damage)
             ... on level 3 of the Dungeon.
             The game lasted 00:00:07 (313 turns).

qw the Sneak (Gargoyle Delver)                       Turns: 313, Time: 00:00:08

Health: -5/19      AC: 11    Str: 15    XL:     2   Next: 29%
Magic:  2/2        EV:  6    Int: 10    God:
Gold:   7          SH:  0    Dex: 11    Spells: 1/1 levels left

rFire   . . .      SeeInvis .   a - +0 hand axe
rCold   . . .      Faith    .   (no shield)
rNeg    + . .      Spirit   .   c - +0 chain mail
rPois   inf        Reflect  .   (no helmet)
rElec   +          Harm     .   (no cloak)
rCorr   .          Rampage  .   (no gloves)
Will    .....                   (no boots)
Stlth   ..........              (no amulet)
HPRegen 0.06/turn               (no ring)
MPRegen 0.08/turn               (no ring)

@: no status effects
A: sickness immunity, AC +2, negative energy resistance 1, electricity
resistance, torment resistance 1, petrification resistance
a: no special abilities


You were on level 3 of the Dungeon.
You visited 1 branch of the dungeon, and saw 3 of its levels.

You collected 7 gold pieces.


Innate Abilities, Weirdness & Mutations

You are immune to sickness and miasma.
Your stone body is resilient. (AC +2)
You are immune to poison.
You resist negative energy. (rN+)
You are resistant to electric shocks. (rElec)
You are resistant to unholy torment.
You are immune to petrification.


   Skills:
 - Level 3.2 Fighting
 + Level 2.4 Axes
 - Level 1.0 Armour
 - Level 1.5 Dodging
 - Level 5.4 Stealth


You had one spell level left.
You didn't know any spells.
Your spell library was empty.

Inventory:

Hand Weapons
 a - a +0 hand axe (weapon)
Armour
 c - a +0 chain mail (worn)
Wands
 g - a wand of digging (3)
Potions
 f - a potion of haste

Dungeon Overview and Level Annotations

Branches:
Dungeon (5/15)
 Temple: D:4-7

Altars:


Message History

You kill the rat!
You closely miss the frilled lizard.
The frilled lizard hisses.
The frilled lizard barely misses you.
You miss the frilled lizard.
The frilled lizard bites you but does no damage.
You hit the worm but do no damage. You barely miss the frilled lizard.
The frilled lizard bites you but does no damage.
The worm bites you.
You barely miss the worm. You closely miss the frilled lizard.
The frilled lizard bites you but does no damage.
You hit the worm.
The worm is lightly wounded.
You closely miss the frilled lizard.
The frilled lizard bites you but does no damage.
The worm bites you.
The frilled lizard bites you but does no damage.
You hit the worm.
The worm is lightly wounded.
You hit the frilled lizard.
You kill the frilled lizard!
The worm bites you.
Your Armour skill increases to level 1!
You hit the worm.
The worm is heavily wounded.
The worm bites you.
You hit the worm.
The worm is heavily wounded.
You barely miss the worm.
The worm is heavily wounded.
The worm bites you but does no damage.
You hit the worm but do no damage.
The worm is moderately wounded.
The worm bites you.
You slash the worm!
The worm is severely wounded.
You hit the worm.
The worm is almost dead.
The worm bites you!
You die...

# # .# #.
##... ##>.##
$....
......###..#
......w@...#
......)>##...#
.......%# .#
.........
..........
..#........ #
####......
#...>.S.
.........


You could see a worm.

Vanquished Creatures
  A dart slug (D:4)
  A ball python (D:3)
  An endoplasm (D:4)
  A goblin (D:4)
  A hobgoblin (D:4)
  A kobold (D:3)
  2 frilled lizards (D:3)
  A rat (D:3)
9 creatures vanquished.

Notes
Turn   | Place    | Note
-------+----------+-------------------------------------------
     0 | D:5      | qw the Gargoyle Delver began the quest for the Orb.
     0 | D:5      | Reached XP level 1. HP: 14/14 MP: 1/1
     0 | D:5      | 0 ||| qw: Version: 0.1-a-116-g5d60599
     0 | D:5      | 0 ||| qw: Game counter: 9411
     0 | D:5      | 0 ||| qw: Always use a shield: true
     0 | D:5      | 0 ||| qw: God list: Okawaru
     0 | D:5      | 0 ||| qw: Allow faded altars: false
     0 | D:5      | 0 ||| qw: Do Orc after D:15 true
     0 | D:5      | 0 ||| qw: Do second Lair branch before Depths: true
     0 | D:5      | 0 ||| qw: Lair rune preference: random
     0 | D:5      | 0 ||| qw: Plans: Normal
     0 | D:5      | 0 ||| PLANNING D:1-11
     0 | D:5      | 0 ||| DROPPING scroll of fog.
     1 | D:5      | 1 ||| DROPPING scroll of magic mapping.
     2 | D:5      | 2 ||| DROPPING scroll of fear.
     7 | D:5      | Noticed a black bear
   234 | D:4      | Reached XP level 2. HP: 19/19 MP: 2/2
   275 | D:4      | 275 ||| UPGRADING to +0 chain mail.
   285 | D:4      | 285 ||| DROPPING +0 leather armour.
   300 | D:3      | 300 ||| Stepping ~*~*~tactically~*~*~ (stealth).
   308 | D:3      | Reached skill level 1 in Armour
   311 | D:3      | HP: 3/19 [worm (3)]
   313 | D:3      | Slain by a worm

Levels and vault maps discovered:
D:3:      layout_rooms, trog_wizard, serial_park_tiny_2,
          minmay_misc_feat_secret_circle, uniq_ijyb, uniq_terence
D:4:      layout_gridville, nicolae_tso_besieged_by_evil,
          nicolae_dithmenos_shadow_blocks, kennysheep_nub, nicolae_stop_n_shop_1
D:5:      layout_rooms, gup_sewer_entry_bubbles, serial_shops, shop,
          sword_in_stone

Skill      XL: |  1  2 |
---------------+-------+-----
Axes           | 2 |  2.4
Armour         | 1 |  1.0
Fighting       | |  3.2
Dodging        | |  1.5
Stealth        | |  5.4

Action                   || total
-------------------------++-------
Melee: Hand axe          ||    28
Armor: Leather armour    ||     1
       Chain mail        ||     9
Dodge: Dodged            ||    10

Table legend:
 A = Non-vault XP
 B = Vault XP
 C = Vault XP percentage of total XP
 D = Non-vault monster count
 E = Vault monster count
 F = Vault count percentage of total count
                 A         B        C        D         E       F
            +---------+---------+-------+---------+---------+-------
      Total |      17 |       0 |   0.0 |       9 |       0 |   0.0
            +---------+---------+-------+---------+---------+-------
        D:3 |       7 |       0 |   0.0 |       5 |       0 |   0.0
        D:4 |      10 |       0 |   0.0 |       4 |       0 |   0.0
            +---------+---------+-------+---------+---------+-------
